TOP OF THE 1ST |
Roy Eagle Squadron batting - Pitching for Indian Hills Voodoo : RHP John Belcher
|
Pitching: RHP John Belcher
|
|
Batting: LHB Octávio Otero
|
0-0: Ball 1-0: Fly out, F9 (Flyball, 9LS)
|
Batting: RHB Carl Curry
|
0-0: Ground out 5-3 (Groundball, 2L)
|
Batting: LHB Pedro Camacho
|
0-0: Called Strike 0-1: Ball 1-1: Ball 2-1: Foul Ball, location: 2F 2-2: Ball 3-2: Base on Balls
|
Batting: LHB Quinn Webb
|
0-0: Ball 1-0: Foul Ball, location: 2F 1-1: Called Strike 1-2: Ground out 4-3 (Groundball, 4)
|
Top of the 1st over - 0 runs, 0 hits, 0 errors, 1 left on base; Roy 0 - Indian Hills 0 |
BOTTOM OF THE 1ST |
Indian Hills Voodoo batting - Pitching for Roy Eagle Squadron : RHP Danny Owen
|
Pitching: RHP Danny Owen
|
|
Batting: RHB Jon Bush
|
0-0: Ball 1-0: Ball 2-0: SINGLE (Flyball, 34D)
|
Batting: RHB Enrique García
|
0-0: Ball 1-0: Ball 2-0: Fly out, F8 (Flyball, 8LM)
|
Batting: LHB Guang Miao
|
0-0: Called Strike Jon Bush is caught stealing 2nd base 0-1: Foul Ball, location: 2F 0-2: Ball 1-2: Ball 2-2: Ball 3-2: Foul Ball, location: 2F 3-2: Fly out, F3 (Popup, 3D)
|
Bottom of the 1st over - 0 runs, 1 hit, 0 errors, 0 left on base; Roy 0 - Indian Hills 0 |
TOP OF THE 2ND |
Roy Eagle Squadron batting - Pitching for Indian Hills Voodoo : RHP John Belcher
|
Batting: LHB Manfredi Pérez
|
0-0: Called Strike 0-1: Swinging Strike 0-2: Ball 1-2: Strikes out swinging
|
Batting: RHB Jeff Lawrence
|
0-0: Called Strike 0-1: Fly out, F7 (Flyball, 78M)
|
Batting: SHB Dwight Hill
|
0-0: Ball 1-0: Fly out, F7 (Flyball, 7)
|
Top of the 2nd over - 0 runs, 0 hits, 0 errors, 0 left on base; Roy 0 - Indian Hills 0 |
BOTTOM OF THE 2ND |
Indian Hills Voodoo batting - Pitching for Roy Eagle Squadron : RHP Danny Owen
|
Batting: RHB Dave Cooke
|
0-0: DOUBLE (Flyball, 8RXD)
|
Batting: RHB Alejandro Dalumba
|
0-0: Ball 1-0: Ball 2-0: Ball 3-0: Base on Balls
|
Batting: RHB Tim Wise
|
0-0: Called Strike 0-1: Ball 1-1: Ground out 5-3 (Groundball, 56S) Dave Cooke to third Alejandro Dalumba to second
|
Batting: LHB Steve Jones
|
0-0: Foul Ball, location: 2F 0-1: Foul Ball, location: 2F 0-2: SINGLE (Groundball, 6MD) Dave Cooke scores Alejandro Dalumba to third
|
Batting: RHB Nelson Zavala
|
0-0: Fly out, F8 (Flyball, 8RM)
|
Batting: RHB Ernesto Reyes
|
0-0: Ball 1-0: Ball 2-0: Called Strike 2-1: SINGLE (Line Drive, 4M) Alejandro Dalumba scores Steve Jones to second
|
Batting: RHB Jon Bush
|
0-0: Called Strike 0-1: Ball 1-1: Ball 2-1: Foul Ball, location: 2F 2-2: Ball 3-2: SINGLE (Line Drive, 9LM) Steve Jones to third Ernesto Reyes to second Steve Jones scores Ernesto Reyes to third
|
Batting: RHB Enrique García
|
0-0: Ball 1-0: Called Strike 1-1: Swinging Strike 1-2: Foul Ball, location: 2F 1-2: Ball 2-2: Strikes out looking
|
Bottom of the 2nd over - 3 runs, 4 hits, 0 errors, 2 left on base; Roy 0 - Indian Hills 3 |
TOP OF THE 3RD |
Roy Eagle Squadron batting - Pitching for Indian Hills Voodoo : RHP John Belcher
|
Batting: LHB Reynaldo Martínez
|
0-0: Ball 1-0: Called Strike 1-1: Swinging Strike 1-2: Foul Ball, location: 2F 1-2: Ball 2-2: Ball 3-2: Fly out, F7 (Flyball, 7LM)
|
Batting: LHB Carlos Ramírez
|
0-0: Ball 1-0: Called Strike 1-1: Foul Ball, location: 2F 1-2: Strikes out swinging
|
Batting: LHB Octávio Otero
|
0-0: Called Strike 0-1: Swinging Strike 0-2: Ball 1-2: Foul Ball, location: 2F 1-2: Strikes out swinging
|
Top of the 3rd over - 0 runs, 0 hits, 0 errors, 0 left on base; Roy 0 - Indian Hills 3 |
BOTTOM OF THE 3RD |
Indian Hills Voodoo batting - Pitching for Roy Eagle Squadron : RHP Danny Owen
|
Batting: LHB Guang Miao
|
0-0: Ball 1-0: Fly out, F8 (Flyball, 8LM)
|
Batting: RHB Dave Cooke
|
0-0: Ball 1-0: Ball 2-0: Called Strike 2-1: Foul Ball, location: 2F 2-2: SINGLE (Flyball, 9S)
|
Batting: RHB Alejandro Dalumba
|
0-0: Ball 1-0: Ball 2-0: Foul Ball, location: 2F 2-1: Ball 3-1: Base on Balls Dave Cooke to second
|
Batting: RHB Tim Wise
|
0-0: Fly out, F5 (Line Drive, 5)
|
Batting: LHB Steve Jones
|
0-0: Foul Ball, location: 2F 0-1: Swinging Strike 0-2: Strikes out swinging
|
Bottom of the 3rd over - 0 runs, 1 hit, 0 errors, 2 left on base; Roy 0 - Indian Hills 3 |
TOP OF THE 4TH |
Roy Eagle Squadron batting - Pitching for Indian Hills Voodoo : RHP John Belcher
|
Batting: RHB Carl Curry
|
0-0: Foul Ball, location: 2F 0-1: Ground out 1-3 (Groundball, 15S)
|
Batting: LHB Pedro Camacho
|
0-0: Called Strike 0-1: Ball 1-1: Foul Ball, location: 2F 1-2: Foul Ball, location: 2F 1-2: SINGLE (Line Drive, 6D)
|
Batting: LHB Quinn Webb
|
0-0: Foul Ball, location: 2F 0-1: TRIPLE (Flyball, 89XD) Pedro Camacho scores
|
Batting: LHB Manfredi Pérez
|
0-0: Called Strike 0-1: Ball 1-1: Ball 2-1: Ground out 6-3 (Groundball, 6) Quinn Webb scores
|
Batting: RHB Jeff Lawrence
|
0-0: Called Strike 0-1: Ground out 6-3 (Groundball, 6)
|
Top of the 4th over - 2 runs, 2 hits, 0 errors, 0 left on base; Roy 2 - Indian Hills 3 |
BOTTOM OF THE 4TH |
Indian Hills Voodoo batting - Pitching for Roy Eagle Squadron : RHP Danny Owen
|
Batting: RHB Nelson Zavala
|
0-0: Called Strike 0-1: Swinging Strike 0-2: Strikes out looking
|
Batting: RHB Ernesto Reyes
|
0-0: Called Strike 0-1: Ball 1-1: Ball 2-1: Swinging Strike 2-2: Foul Ball, location: 2F 2-2: Strikes out looking
|
Batting: RHB Jon Bush
|
0-0: Swinging Strike 0-1: Foul Ball, location: 2F 0-2: Ball 1-2: Foul Ball, location: 2F 1-2: Foul Ball, location: 2F 1-2: Ball 2-2: Foul Ball, location: 2F 2-2: Ball 3-2: Base on Balls
|
Batting: RHB Enrique García
|
0-0: Fielders Choice at 2nd, 5-4 (Groundball, 5)
|
Bottom of the 4th over - 0 runs, 0 hits, 0 errors, 1 left on base; Roy 2 - Indian Hills 3 |
TOP OF THE 5TH |
Roy Eagle Squadron batting - Pitching for Indian Hills Voodoo : RHP John Belcher
|
Batting: SHB Dwight Hill
|
0-0: Foul Ball, location: 2F 0-1: SINGLE (Line Drive, 8RS)
|
Batting: LHB Reynaldo Martínez
|
0-0: Ball 1-0: Ball 2-0: Ball 3-0: Called Strike 3-1: SINGLE (Flyball, 78S) Dwight Hill to second
|
Batting: LHB Carlos Ramírez
|
0-0: Swinging Strike 0-1: Ground out 6-3 (Groundball, 6S) Dwight Hill to third Reynaldo Martínez to second
|
Batting: LHB Octávio Otero
|
0-0: Ball 1-0: Called Strike 1-1: Foul Ball, location: 2F Balk! Dwight Hill scores Reynaldo Martínez to third 1-2: Ball 2-2: Foul Ball, location: 2F 2-2: Foul Ball, location: 2F 2-2: Fly out, F6 (Line Drive, 6)
|
Batting: RHB Carl Curry
|
0-0: Called Strike 0-1: Foul Ball, location: 2F 0-2: Ground out 6-3 (Groundball, 6)
|
Top of the 5th over - 1 run, 2 hits, 0 errors, 1 left on base; Roy 3 - Indian Hills 3 |
BOTTOM OF THE 5TH |
Indian Hills Voodoo batting - Pitching for Roy Eagle Squadron : RHP Danny Owen
|
Batting: LHB Guang Miao
|
0-0: Fly out, F8 (Flyball, 78D)
|
Batting: RHB Dave Cooke
|
0-0: Ground out 5-3 (Groundball, 5)
|
Batting: RHB Alejandro Dalumba
|
0-0: Ball 1-0: DOUBLE (Flyball, 78D)
|
Batting: RHB Tim Wise
|
0-0: SINGLE (Groundball, 56) (infield hit) Alejandro Dalumba to third
|
Batting: LHB Steve Jones
|
0-0: Fly out, F9 (Flyball, 89M)
|
Bottom of the 5th over - 0 runs, 2 hits, 0 errors, 2 left on base; Roy 3 - Indian Hills 3 |
TOP OF THE 6TH |
Roy Eagle Squadron batting - Pitching for Indian Hills Voodoo : RHP John Belcher
|
Batting: LHB Pedro Camacho
|
0-0: Foul Ball, location: 2F 0-1: Swinging Strike 0-2: Ball 1-2: DOUBLE (Line Drive, 89D)
|
Batting: LHB Quinn Webb
|
0-0: Called Strike 0-1: Ball 1-1: SINGLE (Line Drive, 89S) Pedro Camacho to third
|
Batting: LHB Manfredi Pérez
|
0-0: Fly out, F8 (Line Drive, 8RD) Runner from 3rd tags up, SCORES, throw made
|
Batting: RHB Jeff Lawrence
|
0-0: Called Strike 0-1: Fly out, F8 (Flyball, 8LD)
|
Batting: SHB Dwight Hill
|
0-0: Ball 1-0: Foul Ball, location: 2F 1-1: Ball 2-1: Foul Ball, location: 2F 2-2: Strikes out swinging
|
Top of the 6th over - 1 run, 2 hits, 0 errors, 1 left on base; Roy 4 - Indian Hills 3 |
BOTTOM OF THE 6TH |
Indian Hills Voodoo batting - Pitching for Roy Eagle Squadron : RHP Danny Owen
|
Batting: RHB Nelson Zavala
|
0-0: Called Strike 0-1: Ball 1-1: Ball 2-1: Foul Ball, location: 2F 2-2: Ball 3-2: Ground out 6-3 (Groundball, 56)
|
Batting: RHB Ernesto Reyes
|
0-0: Fly out, F9 (Line Drive, 9)
|
Batting: RHB Jon Bush
|
0-0: Ball 1-0: Called Strike 1-1: Ball 2-1: Ball 3-1: Fly out, F4 (Line Drive, 4)
|
Bottom of the 6th over - 0 runs, 0 hits, 0 errors, 0 left on base; Roy 4 - Indian Hills 3 |
TOP OF THE 7TH |
Roy Eagle Squadron batting - Pitching for Indian Hills Voodoo : RHP John Belcher
|
Batting: LHB Reynaldo Martínez
|
0-0: Ball 1-0: Fly out, F8 (Flyball, 89M)
|
Batting: LHB Carlos Ramírez
|
0-0: Ground out 4-3 (Groundball, 4)
|
Batting: LHB Octávio Otero
|
0-0: Called Strike 0-1: Foul Ball, location: 2F 0-2: Ball 1-2: Ball 2-2: Foul Ball, location: 2F 2-2: Foul Ball, location: 2F 2-2: Ball 3-2: Foul Ball, location: 2F 3-2: Foul Ball, location: 2F 3-2: Fly out, F6 (Line Drive, 6M)
|
Top of the 7th over - 0 runs, 0 hits, 0 errors, 0 left on base; Roy 4 - Indian Hills 3 |
BOTTOM OF THE 7TH |
Indian Hills Voodoo batting - Pitching for Roy Eagle Squadron : RHP Danny Owen
|
Pitching: LHP Jason Mills
|
|
Batting: RHB Enrique García
|
0-0: Called Strike 0-1: Ball 1-1: Foul Ball, location: 2F 1-2: Fly out, F9 (Flyball, 89M)
|
Batting: LHB Guang Miao
|
0-0: Swinging Strike 0-1: Called Strike 0-2: Ball 1-2: Strikes out swinging
|
Batting: RHB Dave Cooke
|
0-0: Swinging Strike 0-1: Ball 1-1: SINGLE (Line Drive, 34)
|
Batting: RHB Alejandro Dalumba
|
0-0: Swinging Strike 0-1: Swinging Strike 0-2: Foul Ball, location: 2F 0-2: Fly out, F3 (Popup, 3SF)
|
Bottom of the 7th over - 0 runs, 1 hit, 0 errors, 1 left on base; Roy 4 - Indian Hills 3 |
TOP OF THE 8TH |
Roy Eagle Squadron batting - Pitching for Indian Hills Voodoo : RHP John Belcher
|
Pitching: RHP Bob Wright
|
|
Batting: RHB Carl Curry
|
0-0: Ball 1-0: SINGLE (Line Drive, 7LM)
|
Batting: LHB Pedro Camacho
|
0-0: Ball 1-0: Fly out, F7 (Flyball, 78D)
|
Batting: LHB Quinn Webb
|
0-0: Foul Ball, location: 2F 0-1: Ball 1-1: SINGLE (Flyball, 7S) Carl Curry to second
|
Batting: LHB Manfredi Pérez
|
0-0: 3-RUN HOME RUN (Flyball, 9LD), Distance : 354 ft
|
Pitching: RHP Lou Jaramillo
|
|
Batting: RHB Jeff Lawrence
|
0-0: Ball 1-0: Single, Error in OF, E7, batter to second base
|
Batting: SHB Dwight Hill
|
0-0: Foul Ball, location: 2F 0-1: Ball 1-1: DOUBLE (Line Drive, 9LM) Jeff Lawrence scores
|
Batting: LHB Reynaldo Martínez
|
0-0: Foul Ball, location: 2F 0-1: Foul Ball, location: 2F 0-2: Ball 1-2: Ball 2-2: Ball 3-2: Ground out 5-3 (Groundball, 56)
|
Batting: LHB Carlos Ramírez
|
0-0: Ball 1-0: Foul Ball, location: 2F 1-1: Ball 2-1: Ball 3-1: DOUBLE (Line Drive, 9LS) Dwight Hill scores
|
Batting: LHB Octávio Otero
|
0-0: Ball 1-0: Ball 2-0: Ball 3-0: Base on Balls
|
Batting: RHB Carl Curry
|
0-0: Ball 1-0: Ball 2-0: SINGLE (Groundball, 13) (infield hit) Carlos Ramírez to third Octávio Otero to second
|
Batting: LHB Pedro Camacho
|
0-0: Ball 1-0: Ball 2-0: Ball 3-0: Base on Balls Carlos Ramírez scores Octávio Otero to third Carl Curry to second
|
Batting: LHB Quinn Webb
|
0-0: Ball 1-0: Ball 2-0: Called Strike 2-1: Swinging Strike 2-2: Foul Ball, location: 2F 2-2: Ground out 4-3 (Groundball, 4)
|
Top of the 8th over - 6 runs, 7 hits, 1 error, 3 left on base; Roy 10 - Indian Hills 3 |
BOTTOM OF THE 8TH |
Indian Hills Voodoo batting - Pitching for Roy Eagle Squadron : LHP Jason Mills
|
Now at 2B: Roberto Casas
|
|
Batting: RHB Tim Wise
|
0-0: Ball 1-0: Foul Ball, location: 2F 1-1: Swinging Strike 1-2: Foul Ball, location: 2F 1-2: Strikes out swinging
|
Batting: LHB Steve Jones
|
0-0: Swinging Strike 0-1: Ball 1-1: Ground out 4-3 (Groundball, 4)
|
Batting: RHB Nelson Zavala
|
0-0: Swinging Strike 0-1: Ball 1-1: Swinging Strike 1-2: Ball 2-2: Strikes out swinging
|
Bottom of the 8th over - 0 runs, 0 hits, 0 errors, 0 left on base; Roy 10 - Indian Hills 3 |
TOP OF THE 9TH |
Roy Eagle Squadron batting - Pitching for Indian Hills Voodoo : RHP Lou Jaramillo
|
Pitching: LHP Juan Carlos García
|
|
Batting: LHB Manfredi Pérez
|
0-0: Called Strike 0-1: Foul Ball, location: 2F 0-2: Hit by Pitch
|
Batting: RHB Jeff Lawrence
|
0-0: Foul Ball, location: 2F 0-1: Ball 1-1: Fly out, F8 (Flyball, 8LM)
|
Pinch Hitting: RHB Juan Bruno
|
0-0: Called Strike 0-1: Fly out, F3 (Popup, 34S)
|
Batting: LHB Reynaldo Martínez
|
0-0: Foul Ball, location: 2F 0-1: Called Strike 0-2: Ball 1-2: SINGLE (Line Drive, 3D) Manfredi Pérez to second
|
Batting: LHB Carlos Ramírez
|
0-0: SINGLE (Groundball, 25) (infield hit) Manfredi Pérez to third Reynaldo Martínez to second
|
Batting: LHB Octávio Otero
|
0-0: Called Strike 0-1: Ball 1-1: Called Strike 1-2: Strikes out swinging
|
Top of the 9th over - 0 runs, 2 hits, 0 errors, 3 left on base; Roy 10 - Indian Hills 3 |
BOTTOM OF THE 9TH |
Indian Hills Voodoo batting - Pitching for Roy Eagle Squadron : LHP Jason Mills
|
Now at C: Robinson González
|
|
Now in CF: Juan Bruno
|
|
Batting: RHB Ernesto Reyes
|
0-0: Called Strike 0-1: Called Strike 0-2: Ground out 3-1 (Groundball, 3S)
|
Batting: RHB Jon Bush
|
0-0: Called Strike 0-1: Ground out 5-3 (Groundball, 56)
|
Batting: RHB Enrique García
|
0-0: Called Strike 0-1: Swinging Strike 0-2: Foul Ball, location: 2F 0-2: Ball 1-2: Ball 2-2: Ball 3-2: Fly out, F3 (Line Drive, 3L)
|
Bottom of the 9th over - 0 runs, 0 hits, 0 errors, 0 left on base; Roy 10 - Indian Hills 3 |
|